 Dungeon Crawl Stone Soup version 0.24-a0-180-g654ca03 (webtiles) character file.

Game seed: 2193827036788942742

7 CloudKeeper the Skirmisher (level 2, -1/25 HPs)
             Began as a Formicid Abyssal Knight on Mar 13, 2019.
             Was a Follower of Lugonu.
             Slain by Natasha (8 damage)
             ... on level 2 of the Dungeon.
             The game lasted 00:01:34 (495 turns).

CloudKeeper the Skirmisher (Formicid Abyssal Knight) Turns: 495, Time: 00:01:35

Health: -1/25      AC:  3    Str: 16    XL:     2   Next: 10%
Magic:  3/3        EV: 11    Int: 11    God:    Lugonu [*.....]
Gold:   15         SH:  0    Dex: 10    Spells: 1/1 levels left

rFire    . . .     SeeInvis +   a - +1 hand axe
rCold    . . .     Gourm    .   (no shield)
rNeg     . . .     Faith    .   b - +0 leather armour
rPois    .         Spirit   .   (helmet unavailable)
rElec    .         Reflect  .   (no cloak)
rCorr    .         Harm     .   (no gloves)
MR       .....                  (no boots)
Stlth    +.........             (no amulet)
HPRegen  0.08/turn              (no ring)
MPRegen  0.08/turn              (no ring)

@: no status effects
A: permanent stasis, dig shafts and tunnels, four strong arms, antennae 3
a: Dig, Shaft Self, Depart the Abyss, Renounce Religion


You were on level 2 of the Dungeon.
You worshipped Lugonu.
Lugonu was aware of your devotion.
You were not hungry.

You visited 1 branch of the dungeon, and saw 2 of its levels.
You visited the Abyss 1 time.

You collected 15 gold pieces.

Inventory:

Hand Weapons
 a - a +1 hand axe (weapon)
Armour
 b - a +0 leather armour (worn)
Scrolls
 e - 2 scrolls of identify {unknown}
 f - 2 scrolls of remove curse {unknown}
Potions
 d - a potion of agility {unknown}
 g - a potion of degeneration {unknown}
Comestibles
 c - 5 rations


   Skills:
 + Level 3.7 Fighting
 + Level 2.0 Axes
 + Level 2.2 Armour
 + Level 1.1 Dodging
 + Level 2.1 Invocations


You had one spell level left.
You didn't know any spells.
Your spell library was empty.

Dungeon Overview and Level Annotations

Branches:
Dungeon (2/15)

Altars:

Annotations:
D:2 Natasha


Innate Abilities, Weirdness & Mutations

You cannot be hasted, slowed, berserked, paralysed or teleported.
You can dig through walls and to a lower floor.
Your four strong arms can wield two-handed weapons with a shield.
You have a pair of large antennae on your head. (SInv)


Message History

There is a stone staircase leading up here.
You slash Natasha!
Natasha is heavily wounded.
Natasha stares at you and mumbles some strange words.
The magic dart hits you.
You barely miss Natasha.
Natasha is heavily wounded.
Natasha claws you but does no damage.
Natasha mumbles some strange words.
You closely miss Natasha.
Natasha is heavily wounded.
You hit the crimson imp but do no damage.
Natasha claws you! The crimson imp barely misses you.
You miss Natasha.
Natasha is heavily wounded.
You barely miss the crimson imp. The crimson imp hits you.
* * * LOW HITPOINT WARNING * * *
Natasha mewls in sadness.
Natasha claws you!
You die...

.. .### . ...#
.. ... ... ##..
.. . ##..#.#...
...#.#.........
......h@†......
...#<.#.5......
.... #........
.#.# .......#.
# #........
{..#.#....
###.##..# %#
..#


You could see Natasha and a crimson imp.

Vanquished Creatures
  2 bats
  4 goblins (D:1)
  A kobold (D:1)
  2 rats (D:1)
9 creatures vanquished.

Notes
Turn   | Place    | Note
-------+----------+-------------------------------------------
     0 | Abyss:1  | CloudKeeper the Formicid Abyssal Knight began the quest for
                  | the Orb.
     0 | Abyss:1  | Reached XP level 1. HP: 18/18 MP: 2/2
   101 | Abyss:1  | Noticed an ice beast
   116 | Abyss:1  | Noticed a large abomination
   118 | D:1      | Escaped the Abyss
   450 | D:1      | Reached * piety under Lugonu
   450 | D:1      | Reached skill level 1 in Dodging
   450 | D:1      | Reached XP level 2. HP: 18/24 MP: 3/3
   486 | D:2      | Noticed Natasha
   494 | D:2      | Noticed a crimson imp
   495 | D:2      | Slain by Natasha

Levels and vault maps discovered:
D:1:      sevenhm_arrival_forest_fort_large_2, layout_rooms
D:2:      layout_rooms, chequers_ecumenical_altar_island, uniq_natasha,
          uniq_jessica, uniq_sigmund
Abyss:1

Skill      XL: |  1 |
---------------+----+-----
Dodging        | 1 |  1.1
Fighting       | |  3.7
Axes           | |  2.0
Armour         | |  2.2
Invocations    | |  2.1

Action                   || total
-------------------------++-------
Melee: Hand axe          ||    23
Invok: Depart the Abyss  ||     1
Armor: Leather armour    ||    14
Dodge: Dodged            ||     8

Table legend:
 A = Non-vault XP
 B = Vault XP
 C = Vault XP percentage of total XP
 D = Non-vault monster count
 E = Vault monster count
 F = Vault count percentage of total count
                 A         B        C        D         E       F
            +---------+---------+-------+---------+---------+-------
      Total |      11 |       0 |   0.0 |       9 |       0 |   0.0
            +---------+---------+-------+---------+---------+-------
        D:1 |      10 |       0 |   0.0 |       8 |       0 |   0.0
        D:2 |       1 |       0 |   0.0 |       1 |       0 |   0.0
            +---------+---------+-------+---------+---------+-------
